 Dungeon Crawl Stone Soup version 0.30.1-4-g462c640d31 (webtiles) character file.

Game seed: 1004840268927413564

146 Cheops the Caller (level 5, -1/35 HPs)
             Began as a Merfolk Summoner on Sept 14, 2023.
             Slain by a nameless horror (10 damage)
             ... created by miscasting Summon Lightning Spire
             ... on level 3 of the Dungeon.
             The game lasted 00:15:39 (3989 turns).

Cheops the Caller (Merfolk Summoner)                Turns: 3989, Time: 00:15:40

Health: -1/35      AC:  2    Str:  8    XL:     5   Next: 28%
Magic:  0/9        EV: 17    Int: 16    God:
Gold:   171        SH:  0    Dex: 15    Spells: 0/10 levels left

rFire   . . .        a - +0 spear
rCold   . . .        (no shield)
rNeg    . . .        c - +0 robe
rPois   .            (no helmet)
rElec   .            (no cloak)
rCorr   .            (no gloves)
SInv    .            (no boots)
Will    .....        i - amulet of guardian spirit
Stlth   ++           k - +5 ring of evasion
HPRegen 0.25/turn    (no ring)
MPRegen 0.11/turn

%: guardian spirit
@: no status effects
A: (nimble swimmer 2), mertail
a: no special abilities


You were on level 3 of the Dungeon.
You visited 1 branch of the dungeon, and saw 4 of its levels.

You collected 171 gold pieces.

Inventory:

Hand Weapons
 a - a +0 spear (weapon)
Armour
 c - a +0 robe (worn)
Jewellery
 i - an amulet of guardian spirit (around neck)
 k - a +5 ring of evasion (left hand)
Wands
 l - a wand of flame (24)
Scrolls
 d - a scroll of enchant armour {unknown}
 e - 2 scrolls of identify {unknown}
 f - 2 scrolls of teleportation {unknown}
 g - 2 scrolls of silence {unknown}
 j - 4 scrolls of blinking {unknown}
 m - a scroll of noise {unknown}
Potions
 b - a potion of magic


   Skills:
 + Level 2.4 Polearms
 - Level 2.6 Dodging
 - Level 2.1 Stealth
 - Level 3.0 Spellcasting
 * Level 5.5 Summonings


You couldn't memorise any spells.
You knew the following spells:

 Your Spells              Type           Power      Damage    Failure   Level
c - Call Canine Familiar  Summ           20%        N/A       6%          3
i - Call Imp              Summ           40%        N/A       3%          2
l - Summon Lightning Spi  Summ/Air       11%        N/A       52%         4
m - Summon Small Mammal   Summ           80%        N/A       1%          1

Your spell library contained the following spells:

 Spells                   Type           Power      Damage    Failure   Level
 Beastly Appendage        Tmut           4%         N/A       19%         1
 Summon Guardian Golem    Hex/Summ       11%        N/A       19%         3
 Wereblood                Tmut           2%         N/A       28%         2
 Gell's Gravitas          Tloc           2%         N/A       50%         3
 Spider Form              Tmut/Pois      2%         N/A       50%         3
 Teleport Other           Tloc           2%         N/A       50%         3
 Tukima's Dance           Hex            2%         N/A       50%         3
 Passage of Golubria      Tloc           2%         N/A       88%         4
 Yara's Violent Unravell  Hex/Tmut       1%         3d3       99%         5
 Dispersal                Tloc           1%         N/A       100%        6


Dungeon Overview and Level Annotations

Branches:
Dungeon (4/15)
 Temple: D:4-7

Altars:

Shops:
D:3 (


Innate Abilities, Weirdness & Mutations

((You are very nimble when in or above water. (Stealth+, EV+, Speed+++)))
Your lower body shifts to a powerful aquatic tail in water.


Message History

You hit the nameless horror.
The nameless horror is lightly damaged.
The nameless horror completely misses you.
You hit the nameless horror but do no damage.
The nameless horror is lightly damaged.
The nameless horror completely misses you.
You hit the nameless horror but do no damage.
The nameless horror is lightly damaged.
The nameless horror completely misses you.
You hit the nameless horror.
The nameless horror is lightly damaged.
The nameless horror hits you.
* * * LOW HITPOINT WARNING * * *
You feel your power leaking away.
You hit the nameless horror but do no damage.
The nameless horror is lightly damaged.
The nameless horror completely misses you.
You hit the nameless horror.
The nameless horror is moderately damaged.
The nameless horror hits you.
* * * LOW HITPOINT WARNING * * *
You hit the nameless horror but do no damage.
The nameless horror is moderately damaged.
The nameless horror hits you!
* * * LOW HITPOINT WARNING * * *
The nameless horror closely misses you.
The nameless horror attacks as you move away!
The nameless horror hits you.
* * * LOW HITPOINT WARNING * * *
You feel your power leaking away.
The nameless horror attacks as you move away!
The nameless horror misses you.
You see here a +0 sling.
The nameless horror attacks as you move away!
The nameless horror closely misses you.
The nameless horror attacks as you move away!
The nameless horror barely misses you.
The nameless horror attacks as you move away!
The nameless horror hits you!
You die...

.............................>...
.####'#.##..###.......##.###..###
.##.........###...######.# #..#
.++......#...##...# #.# #..###
.##.....)#.#.##...# #.# #..##.
.........#.#..##### #.# #...'.
..#####)##.##.##########.# ##.##.
.......<...#.............# #.##.
.###########.##.@######### #.##.
...........#.###X## #.##.
##########.#.# #.)# #.###
#.........####.# ###.###
#.......####...## #......
#.......# #....# #......
#.......# #....# #......
####.......# #....# #......
...........# #....## #......


You could see a nameless horror.

Vanquished Creatures
  A gnoll (D:3)
  A dart slug (D:2)
  2 ball pythons (D:3)
  7 bats
  An endoplasm (D:2)
  2 giant cockroaches (D:1)
  3 goblins
  2 hobgoblins (D:1)
  4 kobolds
  4 quokkas
  A ball python skeleton (D:2)
  A ball python zombie (D:2)
  3 frilled lizards
  3 rats
35 creatures vanquished.

Vanquished Creatures (collateral kills)
  2 gnolls (D:3)
  3 adders
  An adder skeleton (D:2)
  A worm (D:2)
  A dart slug (D:2)
  6 endoplasms
  4 hobgoblins (D:1)
  4 jackals (D:2)
  2 quokkas
  4 ball pythons
  A ball python zombie (D:2)
  3 bats
  3 frilled lizards
  4 goblins
  2 kobolds (D:1)
  3 rats
44 creatures vanquished.

Grand Total: 79 creatures vanquished

Notes
Turn   | Place    | Note
-------+----------+-------------------------------------------
     0 | D:1      | Cheops the Merfolk Summoner began the quest for the Orb.
     0 | D:1      | Reached XP level 1. HP: 13/13 MP: 3/3
   307 | D:1      | Reached XP level 2. HP: 19/19 MP: 3/5
   664 | D:1      | Reached XP level 3. HP: 19/24 MP: 5/7
   668 | D:1      | Learned a level 3 spell: Call Canine Familiar
   671 | D:1      | Learned a level 2 spell: Call Imp
  1728 | D:2      | Found a faded altar of an unknown god.
  1955 | D:2      | Reached XP level 4. HP: 10/30 MP: 0/8
  1978 | D:2      | Reached skill level 1 in Polearms
  2240 | D:2      | Reached skill level 5 in Summonings
  2915 | D:3      | Reached XP level 5. HP: 18/35 MP: 3/9
  2920 | D:3      | Learned a level 4 spell: Summon Lightning Spire
  3246 | D:3      | Found Isevat's Weapon Boutique.
  3928 | D:4      | Noticed an ogre
  3935 | D:4      | Noticed a nameless horror
  3935 | D:4      | Noticed an ogre
  3989 | D:3      | Slain by a nameless horror

Illustrated notes

Levels and vault maps discovered:
D:1:      amcnicky_arrival_blooded_trapdoor, layout_basic,
          minmay_misc_feat_nine_boxes
D:2:      layout_loops_cross, basic_ecumenical_altar, serial_undead,
          serial_undead_b, serial_undead_e, serial_undead_e, serial_undead_f,
          minmay_misc_feat_square, minmay_misc_feat_hallway
D:3:      layout_basic, serial_shops, nicolae_shop_stone
D:4:      minmay_opposing_rooms, layout_basic,
          yredelemnul_forgotten_temple_becter, uniq_blork_the_orc

Skill      XL: |  1  2  3  4 |
---------------+-------------+-----
Spellcasting   | 3 |  3.0
Polearms       | 2 |  2.4
Summonings     | 5 |  5.5
Dodging        | |  2.6
Stealth        | |  2.1

Action                     |  1- 3 |  4- 6 || total
---------------------------+-------+-------++-------
  Melee: Whip              |    45 |       ||    45
         Unarmed           |     1 |       ||     1
         Dagger            |    61 |       ||    61
         Spear             |    17 |   105 ||   122
         Punch             |     1 |     4 ||     5
   Cast: Summon Small Mamm |    22 |       ||    22
         Call Imp          |     9 |     5 ||    14
         Call Canine Famil |     3 |    13 ||    16
    Use: Potion            |       |     1 ||     1
   Stab: Sleeping          |     1 |     2 ||     3
 Armour: Robe              |    29 |    14 ||    43
  Dodge: Dodged            |   108 |    93 ||   201
